 Dungeon Crawl Stone Soup version 0.28.0-43-g3370ac3207 (webtiles) character file.

Game seed: 5058048950243387947

1609 croobank the Sneak (level 8, -7/46 HPs)
             Began as an Octopode Fire Elementalist on Mar 23, 2022.
             Engulfed by a steam dragon's steam (12 damage)
             ... on level 6 of the Dungeon.
             The game lasted 00:20:43 (8528 turns).

croobank the Sneak (Octopode Fire Elementalist)     Turns: 8528, Time: 00:20:43

Health: -7/46      AC:  1    Str:  7    XL:     8   Next: 95%
Magic:  6/14       EV: 14    Int: 19    God:
Gold:   234        SH:  0    Dex: 13    Spells: 3/16 levels left

rFire   . . .      SeeInvis .   a - +3 dagger (venom)
rCold   . . .      Faith    .   (no shield)
rNeg    . . .      Spirit   .   (helmet restricted)
rPois   .          Reflect  .   (no amulet)
rElec   .          Harm     .   (no ring)
rCorr   .          Rampage  .   (no ring)
Will    .....                   (no ring)
Stlth   ++++......              (no ring)
HPRegen 0.15/turn               (no ring)
MPRegen 0.14/turn               (no ring)
                                (no ring)
                                (no ring)

@: no status effects
A: almost no armour, amphibious, 8 rings, camouflage 1, gelatinous body 1,
(nimble swimmer 1), tentacles
a: no special abilities


You were on level 6 of the Dungeon.
You visited 1 branch of the dungeon, and saw 6 of its levels.
You also visited: Sewer.

You collected 234 gold pieces.

Inventory:

Hand Weapons
 a - a +3 dagger of venom (weapon)
 b - a +0 hunting sling
 c - a +0 hand axe
 l - a +0 whip of venom
 w - a +0 dire flail
 x - a +2 short sword of speed
 y - a +0 falchion
Missiles
 d - 139 stones
 f - 54 sling bullets
 s - 2 javelins
Jewellery
 m - a ring of fire
 z - a ring of ice
Scrolls
 h - a scroll of identify
 j - a scroll of vulnerability {unknown}
 q - 2 scrolls of teleportation
 r - 2 scrolls of torment {unknown}
 v - 2 scrolls of magic mapping
Potions
 e - 3 potions of lignification {unknown}
 g - 3 potions of curing
 i - 3 potions of heal wounds
 k - 4 potions of haste {unknown}
 n - 3 potions of mutation {unknown}
 o - a potion of resistance {unknown}
 p - 2 potions of cancellation {unknown}
 t - a potion of invisibility {unknown}
 u - a potion of magic {unknown}


   Skills:
 + Level 4.8 Dodging
 + Level 6.8 Stealth
 + Level 4.5 Spellcasting
 + Level 4.4 Conjurations
 * Level 4.2 Summonings
 + Level 5.3 Fire Magic


You had 3 spell levels left.
You knew the following spells:

 Your Spells              Type           Power      Damage    Failure   Level
a - Foxfire               Conj/Fire      88%        2x1d8     1%          1
b - Scorch                Fire           48%        2d7       2%          2
c - Call Canine Familiar  Summ           20%        N/A       7%          3
d - Flame Wave            Conj/Fire      22%        2d7       19%         4
e - Summon Guardian Gole  Hex/Summ       12%        N/A       16%         3

Your spell library contained the following spells:

 Spells                   Type           Power      Damage    Failure   Level
 Summon Small Mammal      Summ           80%        N/A       2%          1
 Conjure Flame            Conj/Fire      22%        6-21      5%          3
 Inner Flame              Hex/Fire       14%        N/A       13%         3
 Cause Fear               Hex            2%         N/A       78%         4
 Dragon Form              Tmut           2%         N/A       100%        7
 Dragon's Call            Summ           10%        N/A       100%        9


Dungeon Overview and Level Annotations

Branches:
Dungeon (6/15)              Sewer (visited)
 Temple: D:4-7

Altars:
Elyvilon
Qazlal


Innate Abilities, Weirdness & Mutations

You cannot wear most types of armour.
You are amphibious.
You can wear up to eight rings at the same time.
Your skin changes colour to match your surroundings (Stealth+).
Your rubbery body absorbs attacks. (AC +1, EV +1)
((You are camouflaged when in or above water. (Stealth+)))
You have tentacles for arms and can constrict up to eight enemies at once.


Message History

You see here a +0 robe.
i - 3 potions of heal wounds (gained 1)
You pick up a book of the Dragon and begin reading...
You add the spells Cause Fear, Dragon Form and Dragon's Call to your library.
A steam dragon comes into view.
Casting: Scorch (safe; 2% risk of failure)
Confirm with . or Enter, or press ? or * to list all spells.
Flames lash the steam dragon.
The steam dragon hisses angrily.
The steam dragon is moderately wounded.
The steam dragon's fire resistance burns away.
The steam dragon breathes steam at you. The ball of steam hits you!
Casting: Scorch (safe; 2% risk of failure)
Confirm with . or Enter, or press ? or * to list all spells.
You can't see any susceptible monsters within range! (Use Z to cast anyway.) Unknown command.
Unknown command.
Casting: Scorch (safe; 2% risk of failure)
Confirm with . or Enter, or press ? or * to list all spells.
Nothing appears to happen.
You are engulfed in a cloud of scalding steam.
Casting: Scorch (safe; 2% risk of failure)
Confirm with . or Enter, or press ? or * to list all spells.
Flames lash the steam dragon.
The steam dragon is burned terribly!
The steam dragon is almost dead.
You are engulfed in a cloud of scalding steam.
Casting: Scorch (safe; 2% risk of failure)
Confirm with . or Enter, or press ? or * to list all spells.
Flames lash the steam dragon but do no damage.
The steam dragon barely misses you. The steam dragon claws you.
You hit the steam dragon.
The steam dragon is poisoned.
The steam dragon is almost dead.
The steam dragon breathes steam at you. The ball of steam hits you!
* * * LOW HITPOINT WARNING * * *
You closely miss the steam dragon.
The steam dragon is almost dead.
You are engulfed in a cloud of scalding steam.
You die...

#.# .........#.
#.# ####.....#.
#.# #..#..#. #.#
#..#..#. #.#
#..#..#. #.#
#..#.... #.#
#..#.... #§#
#..##.#. #@#
###.......
#§D...............
######### #.......
###..... ####.....
#.....#.#
#.###...# #.#
##### #.#


You could see a steam dragon (very poisoned, catching breath, combustible).

Vanquished Creatures
  A sky beast (D:5)
  2 ice beasts (D:5)
  An orc warrior (D:6)
  2 centaurs
  An ogre (D:5)
  2 bullfrogs (Sewer)
  A scorpion (D:6)
  A water moccasin skeleton (D:6)
  2 centaur zombies
  A jelly (D:6)
  4 hounds
  3 centaur skeletons
  4 iguanas
  A hound skeleton (D:5)
  Robin (D:3)
  3 gnolls
  16 adders
  5 river rats (Sewer)
  A worm (D:5)
  2 dart slugs
  7 orcs
  7 endoplasms
  4 giant cockroaches
  12 goblins
  5 hobgoblins
  2 jackals (D:1)
  5 kobolds
  6 quokkas
  16 ball pythons
  4 bats
  A frilled lizard (Sewer)
  22 rats
145 creatures vanquished.

Vanquished Creatures (others)
  195 foxfires
195 creatures vanquished.

Grand Total: 340 creatures vanquished

Notes
Turn   | Place    | Note
-------+----------+-------------------------------------------
     0 | D:1      | croobank the Octopode Fire Elementalist began the quest for
                  | the Orb.
     0 | D:1      | Reached XP level 1. HP: 11/11 MP: 3/3
   174 | D:1      | Reached XP level 2. HP: 14/17 MP: 1/5
   185 | D:1      | Reached skill level 3 in Stealth
   697 | D:1      | Reached XP level 3. HP: 21/21 MP: 3/6
   700 | D:1      | Learned a level 2 spell: Scorch
   704 | D:1      | Learned a level 3 spell: Call Canine Familiar
   860 | D:1      | Noticed a nameless horror
  1484 | D:2      | Identified the +2 leather armour of Ronnip {rF+ rC+}
  1586 | D:2      | Reached XP level 4. HP: 27/27 MP: 3/7
  2534 | D:3      | Noticed Robin
  2539 | D:3      | Killed Robin
  2764 | D:3      | Reached skill level 4 in Stealth
  2764 | D:3      | Reached XP level 5. HP: 31/31 MP: 8/8
  4097 | D:4      | Found a stormy altar of Qazlal.
  4688 | D:4      | Reached XP level 6. HP: 17/36 MP: 5/10
  5025 | D:5      | Entered Level 5 of the Dungeon
  5080 | D:5      | Noticed a sky beast
  5087 | D:5      | Killed a sky beast
  5088 | D:5      | Reached skill level 5 in Stealth
  5355 | D:5      | Reached XP level 7. HP: 41/41 MP: 8/12
  5555 | D:5      | Found a glowing drain.
  5559 | Sewer    | Entered a sewer
  5847 | Sewer    | Reached skill level 1 in Summonings
  6503 | Sewer    | Learned a level 4 spell: Flame Wave
  6573 | D:5      | Reached XP level 8. HP: 34/46 MP: 1/13
  6669 | D:5      | Learned a level 3 spell: Summon Guardian Golem
  6683 | D:5      | Reached skill level 6 in Stealth
  7526 | D:5      | Reached skill level 5 in Fire Magic
  7928 | D:6      | Found a white marble altar of Elyvilon.
  8528 | D:6      | Engulfed by a steam dragon's steam

Illustrated notes

Levels and vault maps discovered:
D:1:      lightli_arrival_maybe_door_vault, layout_loops_ring
D:2:      layout_basic
D:3:      layout_basic, corexii_leaking_fountain, uniq_robin
D:4:      layout_gridville, nicolae_qazlal_general_emergency
D:5:      layout_basic, gup_sewer_entry_spiral
D:6:      layout_loops_ring, general_overflow_altar

Skill      XL: |  1  2  3  4  5  6  7  8 |
---------------+-------------------------+-----
Stealth        | 3 4 5 6 |  6.8
Conjurations   | 2 3 4 |  4.4
Dodging        | 3 4 |  4.8
Spellcasting   | 3 4 |  4.5
Fire Magic     | 4 5 |  5.3
Summonings     | 2 4 |  4.2

Action                   |  1- 3 |  4- 6 |  7- 9 || total
-------------------------+-------+-------+-------++-------
Melee: Hand axe          |    18 |       |       ||    18
       Constrict         |     6 |     2 |    15 ||    23
       Tentacles         |     2 |     7 |    11 ||    20
       Dagger            |       |    21 |    53 ||    74
       Punch             |       |     1 |     2 ||     3
 Fire: Hunting sling     |       |    25 |       ||    25
 Cast: Foxfire           |    27 |    37 |    44 ||   108
       Scorch            |     8 |    27 |    67 ||   102
       Call Canine Famil |       |       |     3 ||     3
       Summon Guardian G |       |       |     1 ||     1
  Use: Scroll            |       |     5 |     5 ||    10
       Potion            |       |     1 |     3 ||     4
 Stab: Sleeping          |     1 |       |     1 ||     2
       Distracted        |       |     1 |       ||     1
Armor: Skin              |     1 |     3 |     5 ||     9
Dodge: Dodged            |    13 |    29 |    71 ||   113
